 Dungeon Crawl Stone Soup version 0.31-a0-1-g4198be8af4 (webtiles) character file.

Game seed: 18329966607625614808

164838 themarg the Summoner (level 17, -2/115 HPs)
             Began as a Merfolk Summoner on Apr 30, 2023.
             Was an Elder of Hepliaklqana.
             Killed from afar by Bai Suzhen (26 damage)
             ... with a torrent of water
             ... on level 2 of the Shoals on May 1, 2023.
             The game lasted 02:47:41 (38125 turns).

themarg the Summoner (Merfolk Summoner)            Turns: 38125, Time: 02:47:42

Health: -2/115     AC: 18    Str: 10    XL:     17   Next: 86%
Magic:  7/27       EV: 16    Int: 21    God:    Hepliaklqana [****..]
Gold:   736        SH: 13    Dex: 14    Spells: 6/30 levels left

rFire   . . .        d - +2 trident (elec)
rCold   . . .        h - +1 kite shield
rNeg    . . .        z - +2 troll leather armour
rPois   +            p - +2 helmet
rElec   .            a - +2 cloak {rPois}
rCorr   .            V - +0 pair of gloves
SInv    .            Q - melded +1 pair of boots
Will    +....        g - amulet of regeneration
Stlth   +++          u - ring of wizardry
HPRegen 1.99/turn    X - +4 ring of protection
MPRegen 0.20/turn

%: wizardry (x1)
@: lethally poisoned (-2 -> -12), very quick
A: reduced essence, nimble swimmer 2, mertail
a: Renounce Religion, Recall Ancestor, Ancestor Identity, Transference, Idealise


You were on level 2 of the Shoals.
You worshipped Hepliaklqana.
Hepliaklqana was greatly pleased with you.
You visited 6 branches of the dungeon, and saw 28 of its levels.
You visited the Abyss 1 time.
You also visited: Sewer.

You collected 3284 gold pieces.
You spent 2548 gold pieces at shops.

Inventory:

Hand Weapons
 d - a +2 trident of electrocution (weapon)
Missiles
 n - 13 javelins
 x - 5 curare-tipped darts (quivered)
 D - 27 poisoned darts
 H - a silver boomerang
 O - 18 boomerangs
 U - 3 throwing nets
Armour
 a - a +2 cloak of poison resistance (worn)
 h - a +1 kite shield (worn)
 p - a +2 helmet (worn)
 z - a +2 troll leather armour (worn)
 Q - a +1 pair of boots (melded)
 V - a +0 pair of gloves (worn)
Jewellery
 c - a ring of poison resistance
 g - an amulet of regeneration (around neck)
 u - a ring of wizardry (left hand)
 R - a ring of flight
 S - a ring of magical power
 X - a +4 ring of protection (right hand)
Wands
 o - a wand of roots (6)
 K - a wand of polymorph (18)
 M - a wand of mindburst (8)
 P - a wand of digging (1)
 T - a wand of light (2)
 W - a wand of charming (10)
 Z - a wand of flame (10)
Scrolls
 e - 4 scrolls of vulnerability
 f - 3 scrolls of immolation
 i - a scroll of acquirement
 r - 3 scrolls of magic mapping
 s - 3 scrolls of poison
 t - 2 scrolls of fear
 y - a scroll of amnesia
 A - a scroll of blinking
 G - 4 scrolls of enchant weapon
 I - 3 scrolls of identify
 L - 8 scrolls of teleportation
 Y - a scroll of butterflies {unknown}
Potions
 j - 2 potions of lignification
 k - 12 potions of curing
 l - 5 potions of haste
 m - 3 potions of brilliance
 q - 5 potions of might
 v - 5 potions of attraction
 w - 7 potions of resistance
 B - a potion of invisibility
 C - 5 potions of heal wounds
 E - 8 potions of mutation
 F - 7 potions of flight
 J - 5 potions of ambrosia
 N - 7 potions of cancellation
Miscellaneous
 b - a phial of floods (inert)


   Skills:
 - Level 10.0 Fighting
 - Level 8.0 Polearms
 - Level 2.0 Throwing
 - Level 5.0 Armour
 - Level 7.0 Dodging
 - Level 3.0 Stealth
 - Level 13.0 Shields
 + Level 7.3 Spellcasting
 - Level 4.5 Conjurations
 - Level 6.0 Hexes
 - Level 13.0 Summonings
 - Level 6.0 Necromancy
 + Level 8.4 Translocations
 - Level 6.0 Air Magic
 - Level 12.0 Invocations
 + Level 10.2 Evocations


You had 6 spell levels left.
You knew the following spells:

 Your Spells              Type           Power      Damage    Failure   Level
a - Summon Forest         Summ/Tloc      25%        N/A       4%          5
b - Call Imp              Summ           100%       N/A       1%          2
c - Call Canine Familiar  Summ           58%        N/A       1%          3
d - Summon Lightning Spi  Summ/Air       47%        N/A       2%          4
f - Anguish               Hex/Necr       16%        N/A       10%         4
g - Airstrike             Air            16%        2d(3-19)  10%         4
B - Blink                 Tloc           86%        N/A       1%          2

Your spell library contained the following spells:

 Spells                   Type           Power      Damage    Failure   Level
 Apportation              Tloc           86%        N/A       1%          1
 Kiss of Death            Conj/Necr      100%       2d13      1%          1
 Shock                    Conj/Air       100%       1d9       1%          1
 Summon Small Mammal      Summ           100%       N/A       1%          1
 Static Discharge         Conj/Air       58%        2-5/arc   1%          2
 Summon Guardian Golem    Hex/Summ       47%        N/A       1%          3
 Swiftness                Air            32%        N/A       2%          3
 Manifold Assault         Tloc           43%        N/A       3%          4
 Poisonous Vapours        Pois/Air       40%        N/A       4%          2
 Dazzling Flash           Conj/Hex       58%        N/A       4%          3
 Volatile Blastmotes      Fire/Tloc      50%        2d14      6%          3
 Iskenderun's Mystic Bla  Conj/Tloc      35%        2d8       8%          4
 Animate Dead             Necr           32%        N/A       10%         4
 Beastly Appendage        Tmut           14%        N/A       12%         1
 Sting                    Tmut/Pois      28%        1d4       12%         1
 Fulminant Prism          Conj/Hex       14%        3d8       12%         4
 Agony                    Necr           32%        N/A       26%         5
 Silence                  Hex/Air        16%        N/A       26%         5
 Iskenderun's Battlesphe  Conj           26%        2d8       41%         5
 Olgreb's Toxic Radiance  Pois           7%         N/A       69%         4
 Petrify                  Tmut/Erth      7%         N/A       69%         4
 Fireball                 Conj/Fire      8%         3d6       71%         5
 Conjure Ball Lightning   Conj/Air       14%        3x3d6     86%         6
 Alistair's Intoxication  Tmut/Pois      4%         N/A       95%         5
 Lee's Rapid Deconstruct  Erth           3%         3d5*      95%         5
 Malign Gateway           Summ/Tloc      25%        N/A       71%         7
 Haunt                    Necr/Summ      23%        N/A       86%         7
 Summon Horrible Things   Summ           29%        N/A       96%         8
 Enfeeble                 Hex            16%        N/A       100%        7
 Orb of Destruction       Conj           13%        9d7       100%        7
 Storm Form               Tmut/Air       10%        N/A       100%        7
 Infestation              Necr           16%        N/A       100%        8


Dungeon Overview and Level Annotations

Branches:
Dungeon (15/15)            Temple (1/1) D:6            Lair (5/5) D:8
 Shoals (3/4) Lair:2        Snake (2/4) Lair:2        Slime (0/5) Lair:4
    Orc (2/2) D:9             Elf (0/3) Orc:2        Vaults (0/5) D:13
 Depths (0/4) D:15          Sewer (visited)

Altars:
Ashenzari
Cheibriados
Dithmenos
Elyvilon
Fedhas
Gozag
Hepliaklqana
Kikubaaqudgha
Makhleb
Nemelex Xobeh
Okawaru
Qazlal
Ru
Sif Muna
Trog
Uskayaw
Vehumet
Wu Jian
Xom
Yredelemnul
Zin
The Shining One
Jiyva

Shops:
Orc:2 **!*   Snake:2 *:=:

Annotations:
D:10 exclusion: downstairs
D:14 2 transporters, Kilet's ghost, adept GrEE
D:15 2 transporters, Huipt's ghost, journeyman DEFE
Shoals:1 exclusion: 2 oklob plants
Shoals:2 Bai Suzhen
Shoals:3 3 runed translucent doors
Snake:1 3 runed translucent doors, exclusion: 3 doors, Jase's ghost, journeyman AtFi
Snake:2 Vashnia


Innate Abilities, Weirdness & Mutations

Your life essence is reduced to manifest your ancestor. (-10% HP)
You are very nimble when in or above water. (Stealth+, EV+, Speed+++)
Your lower body shifts to a powerful aquatic tail in water.


Message History

The water elemental is severely damaged.
You block the water elemental's attack.
A water elemental comes into view.
You block the sea snake's attack.
Your lightning spire shoots out a bolt of lightning at the water elemental!
The bolt of electricity hits the water elemental.
The water elemental resists.
The bolt of electricity misses the merfolk aquamancer.
The bolt of electricity hits the water elemental.
The water elemental resists.
You are engulfed in a thunderstorm.
The water elemental hits your lightning spire!
The water elemental engulfs your lightning spire in water!
You block the sea snake's attack. Bai Suzhen bites you!
Bai Suzhen claws you but does no damage.
Bai Suzhen barely misses you.
Your lightning spire shoots out a bolt of lightning at the water elemental!
The bolt of electricity hits the water elemental.
The water elemental resists.
The bolt of electricity hits the water elemental.
The water elemental resists.
The bolt of electricity hits the water elemental.
The water elemental resists.
You climb upwards.
Your summoned ally is left behind.
There is a stone staircase leading down here.
Tuba is still trapped in memory!
The sea snake attacks as you move away! The sea snake bites you!
You are poisoned.
The sea snake poisons you!
Your legs become a tail as you enter the water.
Your +1 pair of boots melds into your body.
You feel extremely sick. The sea snake bites you!
* * * LOW HITPOINT WARNING * * *
You feel very sick.
You feel very sick.
You feel very sick. Bai Suzhen breathes water at you.
The torrent of water hits you!!
You die...

≈≈~~~~~........~.......~~~≈≈≈≈≈≈~
≈≈~~~..........~~......~~~~~~≈≈≈≈
≈≈~~..#######..~~...~...~~~~~~≈≈≈
≈≈~..## #.~~~..§§...~~~~~~≈≈≈
≈≈~..########..~~§§§§....~~~≈≈≈≈≈
~~~.#..........~[§DS#...~≈~~≈≈≈≈≈
.~~.#............§§§....≈≈~~~≈≈≈#
..~.#.........).~~≈≈....~~~~~≈≈≈≈
.<..............@~≈≈~~~..~P~~≈≈≈≈
...~....†.......<~≈~..~P#..P~~~~≈
.................~≈≈~≈≈.#..~~~~~~
...~).)...........~≈≈≈≈...PP~~~~~
###'''###............P≈~..~~P~~~~
#..÷~...#.....)....#..P~P~P~~~~~~
#...~...#...........P.~~~~~P~~~..
#.##.##.#.............~~P≈≈≈~P~..
#.##.##.#....~~~~~~PPP~~≈≈≈≈≈~~P.


You could see Bai Suzhen (clouds, catching breath) and a sea snake.

Vanquished Creatures
  Mlioglotl (Shoals:1)
  Polyphemus (Shoals:3)
  The ghost of Wosunt the Fencer, an adept GrWn of Gozag (Shoals:2)
  A frost giant (Shoals:2)
  A merfolk impaler (Shoals:1)
  2 merfolk javelineers
  An ice dragon (D:15)
  A vault guard (D:13)
  An anaconda (Snake:2)
  3 boulder beetles
  A two-headed ogre (D:13)
  A centaur warrior (D:15)
  2 alligators (Lair:2)
  2 naga warriors (Snake:2)
  A salamander mystic (Snake:2)
  A sixfirhy (D:11)
  A skyshark (Lair:4)
  A sea snake (Shoals:1)
  4 harpies
  A mana viper (Snake:2)
  2 ugly things
  2 orc sorcerers (Orc:2)
  4 cyclopes
  A manticore (Shoals:1)
  2 salamanders (Snake:2)
  An elephant (Lair:4)
  2 merfolk sirens (Shoals:1)
  A guardian serpent (Snake:2)
  3 black mambas (Snake:1)
  2 naga magi
  A yaktaur (D:13)
  4 cane toads
  A komodo dragon (Lair:5)
  4 freezing wraiths
  2 rime drakes
  A merfolk (Shoals:1)
  2 wind drakes (Shoals:2)
  A dream sheep (Lair:3)
  2 snapping turtles
  3 blink frogs
  4 slime creatures
  3 yaks
  A vampire (D:12)
  2 steam dragons
  2 wyverns
  A redback simulacrum (D:15)
  A warg (Orc:2)
  An acid dragon (D:14)
  2 nagas (Snake:2)
  2 water moccasins (Lair:4)
  An ice beast (D:6)
  2 orc warriors
  A black bear (D:6)
  An ogre (Orc:2)
  A wolf (Lair:1)
  A centaur (D:15)
  3 bullfrogs
  4 kobold brigands
  A phantom (D:7)
  2 killer bees
  6 electric eels
  2 howler monkeys (D:8)
  A hound (D:6)
  An orc priest (D:9)
  2 iguanas
  6 orc wizards (Orc:2)
  4 adders
  A gnoll (D:7)
  A river rat (D:4)
  An ufetubus (D:6)
  A fire bat (D:3)
  8 orcs
  3 ball pythons
  4 bats
  A bat simulacrum (D:3)
  3 endoplasms
  A giant cockroach (D:3)
  A quokka (D:2)
  2 frilled lizards
  2 kobolds (Sewer)
  6 rats
162 creatures vanquished.

Vanquished Creatures (collateral kills)
  A nagaraja (Snake:2)
  A fire dragon (Lair:4)
  3 merfolk impalers (Shoals:2)
  4 hydras
  A vault guard (D:13)
  An ice dragon (D:15)
  An alligator snapping turtle (Shoals:2)
  3 catoblepae
  A boulder beetle (D:15)
  3 anacondas
  6 two-headed ogres
  2 centaur warriors
  5 naga warriors
  A satyr (Shoals:1)
  4 death yaks
  A naga sharpshooter (Snake:2)
  Nergalle (D:10)
  7 skysharks
  2 goliath frogs (Lair:5)
  9 sea snakes
  A lindwurm (Lair:4)
  A wizard (D:13)
  2 deep elf pyromancers (D:15)
  2 orc knights (D:13)
  6 harpies
  A mana viper (Snake:1)
  16 ugly things
  11 salamanders
  8 cyclopes
  6 fauns (Shoals:1)
  3 orc sorcerers (Orc:2)
  12 manticores
  23 elephants
  6 merfolk sirens
  2 guardian serpents
  2 molten gargoyles (Lair:3)
  5 naga magi (Snake:2)
  A smoke demon (D:11)
  A water nymph (Shoals:2)
  4 black mambas
  2 gargoyles
  2 orange demons (D:11)
  A komodo dragon (shapeshifter) (D:15)
  21 cane toads
  10 rime drakes
  A yaktaur (D:13)
  2 kobold demonologists (D:13)
  6 komodo dragons
  An efreet (D:14)
  A tengu conjurer (D:13)
  11 merfolk
  An ancient zyme (Abyss:2)
  A hellwing (D:11)
  4 trolls
  3 wind drakes
  A hornet (D:10)
  A polar bear (Lair:2)
  19 blink frogs
  4 snapping turtles (Shoals:2)
  12 dream sheep
  18 slime creatures
  4 water elementals
  A vampire (D:11)
  2 centaur simulacra
  6 wyverns
  49 yaks
  2 wraiths (D:14)
  Eustachio (D:5)
  3 basilisks
  A human (D:13)
  2 neqoxecs (D:11)
  12 steam dragons
  10 vampire mosquitoes
  2 chaos spawn (D:11)
  6 wargs (Orc:2)
  7 nagas
  2 acid dragons
  13 water moccasins
  11 orc warriors
  2 ice beasts (D:8)
  A sky beast (D:7)
  5 black bears
  14 wolves
  10 centaurs
  6 ogres
  2 phantoms
  10 bullfrogs
  A kobold brigand (D:8)
  4 scorpions
  5 wights (D:9)
  9 killer bees
  A vampire bat (D:3)
  An electric eel (D:12)
  6 howler monkeys
  5 lava snakes (Lair:3)
  2 quasits (D:11)
  3 hounds
  A jelly (D:7)
  15 orc priests
  Crazy Yiuf (D:5)
  A gnoll bouda (Orc:1)
  An iguana (D:5)
  A sleepcap (D:7)
  37 orc wizards
  5 hell rats
  8 gnolls
  5 adders
  3 nameless horrors
  A white imp (D:6)
  4 worms
  3 dart slugs
  2 fire bats (D:3)
  61 orcs
  2 spectral bats (D:3)
  11 bats
  3 bat skeletons (D:3)
  A bat zombie (D:3)
  6 endoplasms
  A giant cockroach (D:2)
  4 goblins
  5 hobgoblins
  4 jackals (D:4)
  18 kobolds
  A quokka (D:3)
  12 ball pythons
  3 frilled lizards
  10 rats
743 creatures vanquished.

Vanquished Creatures (others)
  A vault guard (D:13)
  3 hydras
  A centaur warrior (D:15)
  An orc high priest (Orc:2)
  A wizard (D:13)
  A harpy (Shoals:1)
  An orc sorcerer (Orc:2)
  A manticore (D:13)
  An efreet (D:13)
  A rime drake (Lair:4)
  A water elemental (Shoals:3)
  2 yaks (Lair:5)
  2 centaurs
  2 orc wizards (Orc:2)
  An ancestor (D:8)
  19 knights
  A gnoll (Orc:1)
  An orc (Orc:2)
  9 demonic plants (D:11)
  54 fungi
  213 plants
  12 snaplasher vines
329 creatures vanquished.

Grand Total: 1234 creatures vanquished

Notes
Turn   | Place    | Note
-------+----------+-------------------------------------------
     0 | D:1      | themarg the Merfolk Summoner began the quest for the Orb.
     0 | D:1      | Reached XP level 1. HP: 13/13 MP: 3/3
   229 | D:1      | Reached XP level 2. HP: 19/19 MP: 1/5
   232 | D:1      | Learned a level 2 spell: Call Imp
   806 | D:2      | Reached XP level 3. HP: 23/24 MP: 2/6
   889 | D:2      | Reached skill level 5 in Summonings
  1131 | D:2      | You fall into a shaft and drop 1 floor!
  1315 | D:2      | Learned a level 3 spell: Call Canine Familiar
  1369 | D:2      | Reached skill level 1 in Fighting
  1669 | D:3      | Reached XP level 4. HP: 32/32 MP: 4/7
  1755 | D:3      | Found a faded altar of an unknown god.
  1758 | D:3      | Noticed a scorpion
  1791 | D:3      | Killed a scorpion
  1792 | D:3      | Reached XP level 5. HP: 37/37 MP: 1/8
  2199 | D:3      | Reached XP level 6. HP: 43/43 MP: 8/10
  3035 | D:4      | Found a glowing drain.
  3044 | Sewer    | Entered a sewer
  3255 | Sewer    | Reached skill level 1 in Air Magic
  3255 | Sewer    | Reached XP level 7. HP: 48/48 MP: 7/11
  3320 | Sewer    | Learned a level 4 spell: Summon Lightning Spire
  4188 | D:4      | Reached XP level 8. HP: 54/54 MP: 9/12
  4384 | D:5      | Entered Level 5 of the Dungeon
  4550 | D:5      | Noticed Eustachio
  4558 | D:5      | Killed Eustachio
  4893 | D:5      | Found a hazy altar of Hepliaklqana.
  5018 | D:5      | Found a runed translucent door.
  5019 | D:5      | Noticed Crazy Yiuf
  5261 | D:5      | Became a worshipper of Hepliaklqana the Forgotten
  5306 | D:6      | Found a staircase to the Ecumenical Temple.
  5312 | Temple   | Entered the Ecumenical Temple
  5688 | D:6      | Reached skill level 10 in Summonings
  5765 | D:6      | Found an opulent altar of Gozag.
  5847 | D:6      | Reached XP level 9. HP: 56/63 MP: 2/13
  6184 | D:6      | Found a sparkling altar of Nemelex Xobeh.
  6190 | D:6      | Reached skill level 5 in Fighting
  6190 | D:6      | Reached skill level 1 in Polearms
  6297 | D:6      | Found a snail-covered altar of Cheibriados.
  6315 | D:6      | Found a shimmering blue altar of Sif Muna.
  6337 | D:6      | Found a stormy altar of Qazlal.
  6389 | D:6      | Found a sacrificial altar of Ru.
  6753 | D:7      | Reached skill level 1 in Throwing
  6753 | D:7      | Reached skill level 1 in Evocations
  7171 | D:7      | Found a glowing golden altar of the Shining One.
  7225 | D:7      | Reached * piety under Hepliaklqana
  7230 | D:7      | Reached skill level 5 in Polearms
  7307 | D:7      | Reached skill level 1 in Invocations
  8160 | D:8      | Reached XP level 10. HP: 66/66 MP: 6/16
  8491 | D:8      | Reached skill level 5 in Spellcasting
  8536 | D:8      | Found a staircase to the Lair.
  8543 | D:8      | Noticed a two-headed ogre
  8582 | D:8      | Killed a two-headed ogre
  8583 | D:8      | Reached skill level 5 in Invocations
  9206 | D:9      | Found a staircase to the Orcish Mines.
  9206 | D:9      | Reached ** piety under Hepliaklqana
  9207 | D:9      | Remembered your ancestor Tuba as a knight
  9225 | D:9      | Reached skill level 1 in Translocations
  9458 | D:9      | Reached skill level 5 in Dodging
 10202 | D:9      | Learned a level 2 spell: Blink
 10231 | D:10     | Entered Level 10 of the Dungeon
 10238 | D:10     | Noticed a gargoyle
 10249 | D:10     | Killed a gargoyle
 10250 | D:10     | Reached XP level 11. HP: 71/71 MP: 8/18
 10706 | D:10     | Reached *** piety under Hepliaklqana
 10774 | D:10     | Noticed Nergalle
 11449 | D:10     | Killed Nergalle
 11504 | D:11     | Noticed a manticore
 11865 | D:5      | Killed Crazy Yiuf
 12046 | Lair:1   | Entered Level 1 of the Lair of Beasts
 12474 | Lair:1   | Reached skill level 10 in Invocations
 13112 | Lair:2   | Found a staircase to the Shoals.
 13154 | Lair:2   | Reached XP level 12. HP: 78/78 MP: 18/19
 13266 | Lair:2   | Reached **** piety under Hepliaklqana
 13321 | Lair:2   | Reached skill level 5 in Air Magic
 13578 | Lair:2   | HP: 3/81 [komodo dragon (21)]
 13759 | Lair:2   | Found a staircase to the Snake Pit.
 14419 | Lair:2   | Noticed an anaconda
 14431 | Lair:2   | Killed an anaconda
 14688 | Lair:2   | Noticed a death yak
 14710 | Lair:2   | Killed a death yak
 14758 | Lair:2   | Noticed a five-headed hydra
 14758 | Lair:2   | Noticed an alligator
 14758 | Lair:2   | Noticed an alligator
 15008 | Lair:3   | Reached XP level 13. HP: 92/92 MP: 15/22
 15093 | Lair:3   | Reached skill level 10 in Fighting
 15211 | Lair:3   | Reached skill level 1 in Armour
 16366 | Lair:3   | Reached skill level 5 in Evocations
 16374 | Lair:3   | Reached skill level 1 in Hexes
 16600 | Lair:4   | Identified the +0 chain mail of the Ghostly Slorg {rPois
                  | rF- rCorr}
 16882 | Lair:4   | Found a viscous altar of Jiyva.
 16882 | Lair:4   | Found a staircase to the Slime Pits.
 16930 | Lair:4   | Reached skill level 5 in Hexes
 16932 | Lair:4   | Reached skill level 1 in Necromancy
 17304 | Lair:4   | Noticed a fire dragon
 17508 | Lair:4   | Reached XP level 14. HP: 99/99 MP: 14/23
 17518 | Lair:4   | Reached skill level 5 in Necromancy
 18942 | Lair:5   | Entered Level 5 of the Lair of Beasts
 19314 | Lair:5   | Learned a level 4 spell: Anguish
 19836 | Lair:5   | Reached skill level 1 in Shields
 21084 | Orc:1    | Entered Level 1 of the Orcish Mines
 21525 | Orc:2    | Entered Level 2 of the Orcish Mines
 21525 | Orc:2    | Found a staircase to the Elven Halls.
 22003 | Orc:2    | Reached skill level 1 in Conjurations
 22031 | Orc:2    | Reached XP level 15. HP: 103/103 MP: 1/24
 22480 | Orc:2    | Found a shimmering blue altar of Sif Muna.
 22496 | Orc:2    | Got Sif Muna's Precepts of Attacks
 22814 | Orc:2    | Found Ecwolunae's Distillery.
 22814 | Orc:2    | Found Bobaez's General Store.
 22855 | Orc:2    | Bought a potion of haste for 140 gold pieces
 22855 | Orc:2    | Bought a potion of mutation for 112 gold pieces
 23001 | Orc:2    | Found Sumuorr's Assorted Antiques.
 23001 | Orc:2    | Found Ownakone's Assorted Antiques.
 23008 | Orc:2    | Bought a scroll labelled TEUMOLITUOC for 23 gold pieces
 23397 | Orc:2    | Bought a potion of mutation for 112 gold pieces
 23397 | Orc:2    | Bought a potion of curing for 42 gold pieces
 23397 | Orc:2    | Bought 2 scrolls of teleportation for 84 gold pieces
 23406 | Orc:2    | Bought a potion of heal wounds for 70 gold pieces
 23406 | Orc:2    | Bought a potion of heal wounds for 70 gold pieces
 23406 | Orc:2    | Bought a potion of heal wounds for 70 gold pieces
 23437 | Orc:2    | Bought a scroll of identify for 46 gold pieces
 23437 | Orc:2    | Bought a scroll of teleportation for 69 gold pieces
 23437 | Orc:2    | Bought a wand of light (6) for 579 gold pieces
 23449 | Orc:2    | Bought a scroll of magic mapping for 165 gold pieces
 23449 | Orc:2    | Bought a potion of curing for 66 gold pieces
 23892 | D:11     | Reached ***** piety under Hepliaklqana
 24891 | D:12     | Reached skill level 5 in Shields
 25036 | D:12     | Learned a level 4 spell: Airstrike
 25660 | D:12     | Reached skill level 10 in Evocations
 26743 | D:13     | Found a stormy altar of Qazlal.
 27798 | Abyss:2  | Found a corrupted altar of Lugonu.
 27798 | Abyss:2  | Cast into level 2 of the Abyss (a wizard)
 27831 | D:13     | Escaped the Abyss
 28310 | D:13     | Found a gate to the Vaults.
 28412 | D:13     | Learned a level 4 spell: Iskenderun's Mystic Blast
 28679 | D:14     | Reached XP level 16. HP: 109/109 MP: 15/25
 29022 | D:14     | Identified the +0 robe "Giysy" {rElec}
 29115 | D:14     | Noticed Kilet's ghost (adept GrEE)
 29116 | D:14     | Found a transporter.
 29117 | D:14     | Found a transporter.
 29447 | D:15     | Entered Level 15 of the Dungeon
 29465 | D:15     | Found a transporter.
 29753 | D:15     | Found a transporter.
 29756 | D:15     | Noticed Huipt's ghost (journeyman DEFE)
 30069 | D:15     | Reached skill level 10 in Shields
 31118 | D:15     | Found a staircase to the Depths.
 31677 | Snake:1  | Entered Level 1 of the Snake Pit
 31943 | Snake:1  | Noticed Jase's ghost (journeyman AtFi)
 31944 | Snake:1  | Found a runed translucent gate.
 31944 | Snake:1  | Found a runed translucent gate.
 31944 | Snake:1  | Found a runed translucent gate.
 33416 | Snake:2  | Found Huqi's Book Shop.
 33416 | Snake:2  | Found Vuof Rol's Jewellery Emporium.
 33417 | Snake:2  | Found Iwnaff's Book Shop.
 33432 | Snake:2  | Bought the Opusculum on Mutagenic Company for 390 gold
                  | pieces
 33432 | Snake:2  | Bought a Grand Grimoire for 510 gold pieces
 33439 | Snake:2  | Learned a level 5 spell: Summon Forest
 33470 | Snake:2  | Noticed Vashnia
 33697 | Snake:2  | Noticed a nagaraja
 33699 | Snake:2  | Reached skill level 5 in Translocations
 33704 | Snake:2  | Killed a nagaraja
 33747 | Snake:2  | Found Unaomoz's Assorted Antiques.
 34073 | Shoals:1 | Entered Level 1 of the Shoals
 34137 | Shoals:1 | Reached XP level 17. HP: 115/115 MP: 18/26
 34183 | Shoals:1 | Noticed a lich
 34192 | Shoals:1 | Noticed Mlioglotl
 34209 | Shoals:1 | Killed Mlioglotl
 34209 | Shoals:1 | HP: 4/115 [disintegration (92)]
 34584 | Shoals:1 | Reached skill level 5 in Armour
 35681 | Shoals:2 | Found a runed translucent gate.
 35681 | Shoals:2 | Found a runed translucent gate.
 35681 | Shoals:2 | Found a runed translucent gate.
 35682 | Shoals:2 | Noticed Wosunt's ghost (adept GrWn)
 37508 | Shoals:2 | Killed Wosunt's ghost
 37794 | Shoals:2 | Identified the amulet of Qole {Faith Contam rPois rC++}
 37832 | Shoals:3 | Found a runed translucent gate.
 37832 | Shoals:3 | Found a runed translucent gate.
 37832 | Shoals:3 | Found a runed translucent gate.
 37913 | Shoals:3 | Noticed Polyphemus
 37926 | Shoals:3 | Noticed Bai Suzhen
 37932 | Shoals:3 | Killed Polyphemus
 38125 | Shoals:2 | Killed from afar by Bai Suzhen

Illustrated notes

Levels and vault maps discovered:
D:1:      dpeg_arrival_line_fractal, layout_basic,
          amcnicky_mini_corridor_feature, minmay_tree_intersection
D:2:      layout_loops_ring
D:3:      layout_basic, nicolae_ecumenical_oubliette, goddamned_bats
D:4:      layout_loops_ring, lightli_sewer_entry_pipes, minmay_misc_feat_room
D:5:      layout_basic, nicolae_hepliaklqana_hippocampus,
          uniq_crazy_yiuf_cottage, uniq_eustachio
D:6:      layout_basic, nicolae_overflow_quartered_altars,
          grunt_gozag_breadcrumbs, nemelex_diamond_rough_becter,
          minmay_temple_entry_mist, nicolae_titane
D:7:      layout_basic, nicolae_tso_swordbearing_angel, minmay_splitting_lines
D:8:      layout_basic, lair_entry_dummy, kennysheep_generic_room_2
D:9:      layout_irregular_city, minmay_orc_entry_temple_small
D:10:     layout_gridville, st_stairs_9, uniq_nergalle
D:11:     layout_loops_ring, serial_demonic, serial_demonic_f, serial_demonic_f,
          serial_demonic_f, serial_demonic_f, serial_demonic_b,
          serial_demonic_c, serial_demonic_g
D:12:     layout_basic, kennysheep_generic_room_3
D:13:     layout_basic, grunt_vaults_entry_fortified, grunt_qazlal_clouds
D:14:     layout_long_grid, gammafunk_ghost_arena
D:15:     grunt_enter_depths_hoard, layout_basic, gammafunk_ghost_mausoleum,
          nrook_mini_backslash
Temple:   eino_temple_water
Lair:1:   layout_misc_corridors, nicolae_volcano_entry_s_turn,
          serial_bayou_shore_a, grunt_megastairs_1, infiniplex_staircase_pool_2
Lair:2:   layout_roguey, elwin_shoals_entry_rocks, dummy_snake_entry,
          minivault_26, nicolae_lair_lakeside_cave
Lair:3:   cheibrodos_magma_flow, layout_regular_city
Lair:4:   layout_regular_city, slime_entry_1, st_stairs_12,
          bobbens_dragon_lair_wall
Lair:5:   minmay_lair_end_frog_pond, layout_loops_ring
Shoals:1: layout_shoals, nicolae_shoals_this_corrosion, uniq_mlioglotl
Shoals:2: layout_shoals, portal_ice_cave_entry_frozen_things,
          gammafunk_ghost_split, st_cyclops
Shoals:3: nicolae_shoals_aurelia_aurita, layout_shoals,
          nicolae_shoals_beach_cooler, uniq_bai_suzhen, uniq_kirke,
          uniq_polyphemus
Snake:1:  layout_layer_cave, gammafunk_ghost_split
Snake:2:  cheibrodos_snake_lava_hold, layout_rooms, serial_shops, shop,
          minmay_shop_grove, uniq_vashnia
Orc:1:    layout_diamond_mine
Orc:2:    st_orc_town, layout_caves, led_sif_book

Skill      XL: |  1  2  3  4  5  6  7  8  9 10 11 12 13 14 15 16 17 |
---------------+----------------------------------------------------+-----
Dodging        | 3 5 7 |  7.0
Summonings     | 5 6 7 8 10 11 12 13 | 13.0
Fighting       | 1 3 5 9 10 | 10.0
Spellcasting   | 3 4 5 6 7 |  7.3
Air Magic      | 1 3 4 6 |  6.0
Polearms       | 5 7 8 |  8.0
Throwing       | 2 |  2.0
Evocations     | 2 5 9 10 | 10.2
Invocations    | 3 5 10 12 | 12.0
Translocations | 2 3 5 8 |  8.4
Armour         | 2 3 5 |  5.0
Stealth        | 3 |  3.0
Hexes          | 5 6 |  6.0
Necromancy     | 4 5 6 |  6.0
Shields        | 3 8 13 | 13.0
Conjurations   | 1 4 |  4.5

Action                     |  1- 3 |  4- 6 |  7- 9 | 10-12 | 13-15 | 16-18 || total
---------------------------+-------+-------+-------+-------+-------+-------++-------
  Melee: Mace              |    24 |     3 |       |       |       |       ||    27
         Spear             |       |    36 |       |       |       |       ||    36
         Trident           |       |    43 |   142 |   203 |   493 |   392 ||  1273
         Tailslap          |       |     1 |     6 |     2 |     1 |     2 ||    12
         Punch             |       |     1 |       |     2 |     3 |     1 ||     7
  Throw: Dart              |       |       |       |     2 |     1 |     1 ||     4
   Cast: Summon Small Mamm |    39 |    12 |     4 |       |       |       ||    55
         Call Imp          |     6 |    13 |     7 |     3 |     2 |       ||    31
         Call Canine Famil |       |    18 |    29 |    48 |   112 |    72 ||   279
         Summon Lightning  |       |       |    33 |    79 |   178 |   119 ||   409
         Blink             |       |       |       |     3 |     2 |     6 ||    11
         Anguish           |       |       |       |       |    21 |    15 ||    36
         Airstrike         |       |       |       |       |     8 |    31 ||    39
         Summon Forest     |       |       |       |       |       |    23 ||    23
 Invoke: Ancestor Identity |       |       |     1 |       |       |       ||     1
         Recall Ancestor   |       |       |       |     6 |    17 |    13 ||    36
         Ancestor Life: Kn |       |       |       |     1 |       |       ||     1
         Idealise          |       |       |       |     2 |    11 |     8 ||    21
  Evoke: Wand              |       |       |       |     7 |    14 |    15 ||    36
         Phial of floods   |       |       |       |       |       |     1 ||     1
    Use: Scroll            |       |     6 |     5 |    10 |    11 |    13 ||    45
         Potion            |       |       |       |     5 |     2 |     2 ||     9
   Stab: Sleeping          |       |     4 |     1 |       |     2 |       ||     7
         Distracted        |       |     1 |     7 |     2 |    19 |    15 ||    44
         Invisible         |       |       |       |       |       |     1 ||     1
 Armour: Robe              |     2 |    17 |    14 |    39 |   100 |       ||   172
         Troll leather arm |       |       |       |       |    20 |   130 ||   150
  Dodge: Dodged            |    20 |    73 |   104 |   150 |   235 |   156 ||   738
  Block: Kite shield       |       |       |       |       |       |   142 ||   142

Table legend: (Time is in decaauts)
 A = Elapsed time spent in this place.
 B = Non-inter-level travel time spent in this place.
 C = Inter-level travel time spent in this place.
 D = Time resting spent in this place.
 E = Time spent auto-exploring this place.
 F = Levels seen in this place.
 G = Mean time per level.
                   A        B        C        D        E       F      G
               +--------+--------+--------+--------+--------+-----+--------+
         Total |  37752 |  35685 |   2067 |   6705 |  20222 |  30 | 1258.4 |
       Dungeon |  19137 |  17965 |   1172 |   2459 |  12079 |  15 | 1275.8 |
        Temple |    189 |    178 |     11 |      0 |    166 |   1 |  189.0 |
          Lair |   9287 |   8669 |    618 |   1496 |   4649 |   5 | 1857.4 |
        Shoals |   3876 |   3825 |     51 |   1427 |   1377 |   3 | 1292.0 |
     Snake Pit |   2362 |   2308 |     54 |    918 |    469 |   2 | 1181.0 |
  Orcish Mines |   2411 |   2250 |    161 |    298 |   1418 |   2 | 1205.5 |
         Abyss |     32 |     32 |      0 |      0 |      0 |   1 |   32.0 |
         Sewer |    454 |    454 |      0 |    106 |     64 |   1 |  454.0 |
               +--------+--------+--------+--------+--------+-----+--------+

Top non-repeatable levels by time:
    D:13: 2375 daAuts
  Lair:4: 2146 daAuts
  Lair:2: 2117 daAuts
  Lair:3: 2057 daAuts
Shoals:2: 2051 daAuts
  Lair:5: 1757 daAuts
Shoals:1: 1708 daAuts
   Orc:2: 1586 daAuts
 Snake:1: 1572 daAuts
     D:9: 1521 daAuts
    D:14: 1487 daAuts
    D:12: 1367 daAuts
     D:7: 1340 daAuts
    D:15: 1308 daAuts
    D:10: 1268 daAuts
